 Dungeon Crawl Stone Soup version 0.19.5 (webtiles) character file.

206 QuCean the Digger (level 5, -5/28 HPs)
             Began as a Gargoyle Earth Elementalist on May 4, 2017.
             Slain by an orc
             ... wielding a +0 flail
              (7 damage)
             ... on level 3 of the Dungeon.
             The game lasted 00:19:04 (3418 turns).

QuCean the Digger (Gargoyle Earth Elementalist)     Turns: 3418, Time: 00:19:05

Health: -5/28      AC:  6    Str: 13    XL:     5   Next: 84%
Magic:  8/10       EV: 12    Int: 15    God:
Gold:   75         SH:  0    Dex: 10    Spells: 3 memorised, 5 levels left

rFire  . . .     SeeInvis .     h - +0 dagger (venom)
rCold  . . .     Gourm    .     c - +0 robe
rNeg   + . .     Faith    .     (no shield)
rPois  ∞         Spirit   .     (no helmet)
rElec  +         Reflect  .     (no cloak)
rCorr  .         Harm     .     (no gloves)
MR     .....                    (no boots)
Stlth  ++........               (no amulet)
                                (no ring)
                                (no ring)

@: no status effects
A: negative energy resistance 1, electricity resistance, unbreathing,
petrification resistance, rot immunity, AC +4
a: no special abilities


You were on level 3 of the Dungeon.
You were not hungry.

You visited 1 branch of the dungeon, and saw 3 of its levels.

You collected 75 gold pieces.

Inventory:

Hand Weapons
 g - a +0 dagger
 h - a +0 dagger of venom (weapon)
 i - a +0 club
 l - a +1 dagger of electrocution
 m - a cursed -1 hand axe
 o - a +0 whip of electrocution
Missiles
 b - 86 stones (quivered)
Armour
 c - a +0 robe (worn)
 d - a +0 ring mail
Scrolls
 a - 3 scrolls of teleportation
 f - a scroll of immolation {unknown}
 k - 3 scrolls of remove curse
 s - a scroll of identify
 t - a scroll of enchant armour {unknown}
Potions
 j - 3 potions of brilliance
 n - a potion of mutation {unknown}
 p - 2 potions of agility {unknown}
Books
 e - a book of Geomancy

   Spells                             Type                      Level
   a - Sandblast                      Earth                        1
   b - Passwall                       Transmutation/Earth          2
   c - Stone Arrow                    Conjuration/Earth            3
   d - Petrify                        Transmutation/Earth          4
   e - Lee's Rapid Deconstruction     Earth                        5
Comestibles
 q - a bread ration
 r - 2 fruits


   Skills:
 + Level 0.4 Fighting
 + Level 0.3 Short Blades
 + Level 2.2 Dodging
 + Level 3.0 Stealth
 + Level 3.7 Spellcasting
 + Level 0.7 Transmutations
 + Level 5.1 Earth Magic


You had 5 spell levels left.
You knew the following spells:

 Your Spells              Type           Power        Failure   Level  Hunger
a - Sandblast             Erth           ###...       1%          1    None
b - Passwall              Tmut/Erth      ##........   12%         2    ##.....
c - Stone Arrow           Conj/Erth      ##....       21%         3    ###....


Dungeon Overview and Level Annotations

Branches:
Dungeon (3/15)

Altars:
The Shining One


Innate Abilities, Weirdness & Mutations

You are resistant to torment.
Your stone body is resilient. (AC +4)
You are immune to poison.
You resist negative energy. (rN+)
You are resistant to electric shocks. (rElec)
You can survive without breathing.
You are immune to petrification.
You are immune to rotting.


Message History

An orc comes into view. It is wielding a flail.
You barely miss the orc. The orc hits you but does no damage.
You hit the orc.
The orc is poisoned.
The orc is heavily wounded.
You completely miss the orc. The orc barely misses you.
The orc hits you with a flail!
You hit the orc.
The orc is poisoned.
The orc is moderately wounded.
The orc completely misses you. The orc hits you with a flail!
* * * LOW HITPOINT WARNING * * *
You hit the orc.
The orc looks as sick as possible!
The orc is almost dead.
You kill the orc!
The orc hits you but does no damage.
You hit the orc.
The orc is poisoned.
The orc is moderately wounded.
The orc hits you with a dagger.
* * * LOW HITPOINT WARNING * * *
The orc hits you with a flail!
You die...

######....####.#####.
#...............
#.....###.#....##
#.....# #......
#####.....#.###......
#..(................#
#.###.#.#.#.######..#
#.#...#.#...........#
#..o@.......###.....#
#..#o##.#.#.###.....#
#.......#........<...
#.....#.###.###.###.#
#.....#.. .........#
###...# ###.#####
#.#.. ... #. .# #. ..


You could see 2 orcs.

Vanquished Creatures
  An ice beast (D:3)
  An orc priest (D:3)
  3 adders (D:2)
  A worm (D:2)
  A dart slug (D:1)
  6 leopard geckos
  2 orcs (D:3)
  4 giant cockroaches
  12 goblins
  6 hobgoblins
  3 bats
  4 frilled lizards
  6 kobolds
  2 rats (D:2)
52 creatures vanquished.

Notes
Turn   | Place    | Note
-------+----------+-------------------------------------------
     0 | D:1      | QuCean the Gargoyle Earth Elementalist began the quest for the Orb.
     0 | D:1      | Reached XP level 1. HP: 10/10 MP: 3/3
   692 | D:1      | Reached XP level 2. HP: 15/15 MP: 0/5
   844 | D:1      | Reached skill level 4 in Earth Magic
   972 | D:1      | Reached XP level 3. HP: 10/19 MP: 1/6
  1958 | D:2      | Found a glowing golden altar of the Shining One.
  1979 | D:2      | Learned a level 2 spell: Passwall
  1983 | D:2      | Learned a level 3 spell: Stone Arrow
  2122 | D:2      | Reached XP level 4. HP: 24/24 MP: 3/8
  3260 | D:3      | Noticed an ice beast
  3280 | D:3      | Killed an ice beast
  3280 | D:3      | Reached skill level 5 in Earth Magic
  3280 | D:3      | Reached XP level 5. HP: 14/28 MP: 4/10
  3418 | D:3      | Slain by an orc

Skill      XL: |  1  2  3  4  5 |
---------------+----------------+-----
Earth Magic    | 4 5 |  5.1
Dodging        | 2 |  2.2
Spellcasting   | 3 |  3.7
Stealth        | 3 |  3.0
Fighting       | |  0.4
Short Blades   | |  0.3
Transmutations | |  0.7

Action                   |  1- 3 |  4- 6 || total
-------------------------+-------+-------++-------
Melee: Dagger            |    45 |    43 ||    88
       Club              |    26 |       ||    26
 Cast: Sandblast         |    53 |    24 ||    77
       Passwall          |     2 |       ||     2
  Use: Scroll            |     3 |     1 ||     4
 Stab: Sleeping          |     2 |       ||     2
  Eat: Bread ration      |     1 |       ||     1
       Chunk             |       |     4 ||     4
       Beef jerky        |       |     1 ||     1
Armor: Robe              |    33 |    16 ||    49
Dodge: Dodged            |    67 |    32 ||    99
